 Dungeon Crawl Stone Soup version 0.20-a0-513-g02c11fc (webtiles) character file.

291 mopl the Slasher (level 6, -2/44 HPs)
             Began as a Barachian Skald on Jan 22, 2017.
             Slain by an orc
             ... wielding a +0 short sword
              (6 damage)
             ... on level 4 of the Dungeon.
             The game lasted 00:04:26 (4064 turns).

mopl the Slasher (Barachian Skald)                  Turns: 4064, Time: 00:04:27

Health: -2/44      AC:  3    Str: 10    XL:     6   Next: 32%
Magic:  9/9        EV: 11    Int: 13    God:
Gold:   128        SH:  0    Dex: 10    Spells: 1/9 levels left

rFire    + . .     SeeInvis .   e - +1 dagger (drain)
rCold    . . .     Gourm    .   b - +0 leather armour
rNeg     . . .     Faith    .   (no shield)
rPois    .         Spirit   .   (no helmet)
rElec    .         Reflect  .   (no cloak)
rCorr    .         Harm     .   (no gloves)
MR       .....     Rnd*Tele +   (no boots)
Stlth    +.........             (no amulet)
Regen    0.2/turn               F - ring of teleportation (curse)
                                t - ring of protection from fire

@: slow
A: swims, slowness 1, strong legs 1
a: Hop


You were on level 4 of the Dungeon.
You were near starving.

You visited 1 branch of the dungeon, and saw 4 of its levels.

You collected 128 gold pieces.

Inventory:

Hand Weapons
 a - a +0 falchion
 e - a +1 dagger of draining (weapon)
 C - a +0 long sword
Missiles
 o - 16 poisoned needles
 w - a throwing net (quivered)
Armour
 b - a +0 leather armour (worn)
 k - a +0 buckler
 A - a +0 large shield
Jewellery
 t - a ring of protection from fire (left hand)
 F - a cursed ring of teleportation (right hand)
Wands
 s - a wand of paralysis (9/24)
 v - a wand of random effects (24/48)
Scrolls
 i - a scroll of recharging {unknown}
 m - a scroll of amnesia {unknown}
 q - 2 scrolls of teleportation {unknown}
 r - a scroll of fog {unknown}
 u - 2 scrolls of enchant weapon {unknown}
 x - 2 scrolls of remove curse {unknown}
 y - a scroll of identify {unknown}
 B - a scroll of noise {unknown}
 D - a scroll of magic mapping {unknown}
Potions
 f - a potion of cure mutation {unknown}
 g - 2 potions of cancellation {unknown}
 h - 2 potions of might {unknown}
 n - a potion of invisibility {unknown}
 p - a potion of magic {unknown}
 z - 2 potions of curing {unknown}
Books
 c - a book of Battle

   Spells                             Type                      Level
   a - Infusion                       Charms                       1
   b - Shroud of Golubria             Charms/Translocation         2
   c - Song of Slaying                Charms                       2
   d - Spectral Weapon                Hexes/Charms                 3
   e - Regeneration                   Charms/Necromancy            3
Comestibles
 d - 5 bread rations
 j - 6 meat rations
 l - 3 royal jellies


   Skills:
 - Level 2.1 Fighting
 + Level 7.1 Long Blades
 - Level 1.1 Armour
 - Level 2.0 Dodging
 - Level 2.0 Spellcasting
 - Level 3.0 Charms


You had one spell level left.
You knew the following spells:

 Your Spells              Type           Power        Failure   Level  Hunger
a - Infusion              Chrm           #...         12%         1    ##.....
b - Song of Slaying       Chrm           #.......     17%         2    ###....
c - Spectral Weapon       Hex/Chrm       #.......     58%         3    ####...
f - Shroud of Golubria    Chrm/Tloc      #.........   28%         2    ###....


Dungeon Overview and Level Annotations

Branches:
Dungeon (4/15)
 Temple: D:4-7

Altars:
Gozag

Shops:
D:4 }


Innate Abilities, Weirdness & Mutations

You can swim through water.
You cover ground slowly.
You can hop short distances.


Message History

You are too injured to fight recklessly!
You are too injured to fight recklessly!
You are too injured to fight recklessly!
You are too injured to fight recklessly!
Unknown command.
You closely miss the orc priest.
The orc priest is lightly wounded.
The orc barely misses you. The orc hits you but does no damage.
You hit the orc priest but do no damage.
You drain the orc priest!
The orc priest is moderately wounded.
The orc priest hits you with a mace.
* * * LOW HITPOINT WARNING * * *
You barely miss the orc priest.
The orc priest is moderately wounded.
The orc barely misses you. The orc hits you with a trident!
* * * LOW HITPOINT WARNING * * *
The orc priest closely misses you. The orc hits you with a short sword.
You die...

#.###.#
######.# #.#
########......#
#.#
#......'......#
#.#
#.######.....##
#.#######
#########.#
#.....#
#.#......
.......##.#
#.....#
#.#.#####
.......##.#
#.....#
#.#.#....
......<##.#
###@....#
#.#.#.###
..........#
#.o)....#
#.#.#....
......(####
#.oo....#
#.#.#####
.......#
#...#####
#.#....>.
.......# #...#
#.#######
......[#
#.>.######
#........
.......#
##...∩....#
#########
########
#.........#
#........
###.........#
#.#######


You could see an orc priest and 2 orcs.

Vanquished Creatures
  A hound (D:4)
  An iguana (D:4)
  5 worker ants (D:4)
  A hound skeleton (D:4)
  5 adders
  A worm (D:3)
  A dart slug (D:3)
  A leopard gecko (D:1)
  4 orcs
  2 giant cockroaches
  6 goblins
  7 hobgoblins
  4 jackals (D:3)
  7 kobolds
  A quokka (D:4)
  A ball python skeleton (D:4)
  4 bats
  A frilled lizard (D:3)
  4 rats
57 creatures vanquished.

Vanquished Creatures (others)
  4 toadstools (D:1)
4 creatures vanquished.

Grand Total: 61 creatures vanquished

Notes
Turn   | Place    | Note
-------+----------+-------------------------------------------
     0 | D:1      | mopl the Barachian Skald began the quest for the Orb.
     0 | D:1      | Reached XP level 1. HP: 16/16 MP: 3/3
   131 | D:1      | Reached skill level 3 in Long Blades
   131 | D:1      | Reached XP level 2. HP: 8/22 MP: 1/5
   335 | D:1      | Learned a level 2 spell: Song of Slaying
   338 | D:1      | Learned a level 2 spell: Shroud of Golubria
   699 | D:2      | Reached XP level 3. HP: 19/27 MP: 6/6
  1250 | D:2      | Found a faded altar of an unknown god.
  1303 | D:2      | Reached skill level 4 in Long Blades
  1772 | D:3      | Reached XP level 4. HP: 27/33 MP: 1/7
  1808 | D:3      | Found an opulent altar of Gozag.
  2438 | D:4      | Reached skill level 5 in Long Blades
  2837 | D:4      | Reached XP level 5. HP: 38/38 MP: 8/8
  2845 | D:4      | Learned a level 3 spell: Spectral Weapon
  3141 | D:4      | Reached skill level 6 in Long Blades
  3501 | D:4      | Reached XP level 6. HP: 26/44 MP: 2/9
  3693 | D:4      | Found Qoer's Gadget Shop.
  3891 | D:4      | Reached skill level 7 in Long Blades
  4064 | D:4      | Slain by an orc

Vault maps used:
D:1:      ldierk_walled_garden_2
D:2:      chequers_ecumenical_altar_grove, hangedman_abyss_or_decor_lesser_grid,
          minivault_26, lemuel_another_geyser
D:3:      first_bread, grunt_gozag_breadcrumbs
D:4:      serial_shops, shop, minmay_misc_feat_roman, kennysheep_generic_room_4

Skill      XL: |  1  2  3  4  5  6 |
---------------+-------------------+-----
Long Blades    | 3 4 5 6 7 |  7.1
Fighting       | |  2.1
Armour         | |  1.1
Dodging        | |  2.0
Spellcasting   | |  2.0
Charms         | |  3.0

Action                   |  1- 3 |  4- 6 || total
-------------------------+-------+-------++-------
Melee: Dagger            |   122 |   167 ||   289
       Falchion          |     1 |       ||     1
 Cast: Infusion          |     3 |     2 ||     5
       Shroud of Golubri |       |     1 ||     1
  Eat: Chunk             |     3 |     7 ||    10
Armor: Leather armour    |    29 |    38 ||    67
Dodge: Dodged            |    73 |    79 ||   152
